 Dungeon Crawl Stone Soup version 0.20-a0-772-g73021bd (webtiles) character file.

4487 Iskender the Spear-Bearer (level 10, 0/72 (73) HPs)
             Began as a Barachian Wanderer on Feb 27, 2017.
             Was a Follower of Cheibriados.
             Slain by a bullfrog (8 damage)
             ... on level 9 of the Dungeon.
             The game lasted 00:52:59 (9069 turns).

Iskender the Spear-Bearer (Barachian Wanderer)      Turns: 9069, Time: 00:52:59

HP:   0/72 (73)     AC:  9    Str: 18    XL:     10   Next: 38%
MP:   11/11         EV: 17    Int: 12    God:    Cheibriados [*.....]
Gold: 322           SH:  0    Dex: 17    Spells: 9/9 levels left

rFire    + . .     SeeInvis .   a - +0 halberd
rCold    . . .     Gourm    .   u - +3 leather armour {rF+}
rNeg     + . .     Faith    .   (shield currently unavailable)
rPois    .         Spirit   .   (no helmet)
rElec    .         Reflect  .   (no cloak)
rCorr    .         Harm     .   E - +0 pair of gloves
MR       .....                  n - +1 pair of boots
Stlth    ++........             (no amulet)
Regen    0.3/turn               V - ring of positive energy
MPRegen  0.2/turn               (no ring)

@: can't hop, very slow
A: +LOS, swims, slowness 1, strong legs 1
a: Hop, Bend Time, Renounce Religion


You were on level 9 of the Dungeon.
You worshipped Cheibriados.
Cheibriados was aware of your devotion.
You were not hungry.

You visited 2 branches of the dungeon, and saw 10 of its levels.
You also visited: Sewer.

You collected 487 gold pieces.
You spent 165 gold pieces at shops.

Inventory:

Hand Weapons
 a - a +0 halberd (weapon)
 b - a +0 hunting sling
 d - a +2 spear
 h - a +0 trident
 s - a +2 long sword of holy wrath
 H - a +0 quarterstaff
 M - a +3 hand axe
 U - a +0 shortbow
Missiles
 o - 62 poisoned needles
 p - 128 arrows
 r - 150 stones
 t - 151 sling bullets
 v - 9 javelins (quivered)
 B - 124 bolts
Armour
 n - a +1 pair of boots (worn)
 u - a +3 leather armour of fire resistance (worn)
 E - a +0 pair of gloves (worn)
 Q - a +1 scale mail of fire resistance
 W - a +2 robe of magic resistance
Jewellery
 I - an uncursed ring of ice
 J - a +3 ring of intelligence
 V - a ring of positive energy (right hand)
Wands
 g - a wand of iceblast (8/15)
Scrolls
 i - 2 scrolls of teleportation
 l - 4 scrolls of remove curse
 m - a scroll of identify
 q - 2 scrolls of fear
 x - 2 scrolls of fog {unknown}
 y - a scroll of blinking
 C - a scroll of immolation
 K - a scroll of recharging
 N - a scroll of enchant armour
 O - a scroll of holy word
 P - a scroll of amnesia
 R - a scroll of magic mapping
Potions
 c - 2 potions of lignification
 e - 2 potions of agility {unknown}
 j - 3 potions of cancellation
 k - 7 potions of flight
 w - a potion of berserk rage {unknown}
 z - 2 potions of haste {unknown}
 A - a potion of brilliance {unknown}
 F - a potion of heal wounds {unknown}
 G - 3 potions of curing {unknown}
 L - 2 potions of mutation {unknown}
 T - 4 potions of magic
 X - a potion of ambrosia
Comestibles
 f - 9 bread rations
 D - 3 meat rations


   Skills:
 - Level 4.8 Fighting
 - Level 2.0 Long Blades
 + Level 12.1 Polearms
   Level 2.0 Crossbows
 - Level 1.2 Armour
 - Level 7.5 Dodging
 - Level 3.2 Stealth
 - Level 1.6 Invocations
 - Level 1.1 Evocations


You had 9 spell levels left.
You didn't know any spells.

Dungeon Overview and Level Annotations

Branches:
Dungeon (9/15)             Temple (1/1) D:7            Lair (0/6) D:9
    Orc: D:9-12

Altars:
Ashenzari
Cheibriados
Dithmenos
Elyvilon
Fedhas
Gozag
Hepliaklqana
Kikubaaqudgha
Makhleb
Nemelex Xobeh
Okawaru
Qazlal
Ru
Sif Muna
Trog
Uskayaw
Vehumet
Wu Jian
Xom
Yredelemnul
Zin
The Shining One

Shops:
D:4 [

Annotations:
D:7 exclusion: centaur, Menkaure
D:9 Erica, Gastronok


Innate Abilities, Weirdness & Mutations

Shadows flee at your approach. (+LOS)
You can swim through water.
You cover ground slowly.
You can hop short distances.


Message History

Cheibriados slows and strengthens your metabolism.
Cheibriados raises the support of your attributes as your movement slows.
The troll leather armour is intact enough to wear.
Your Polearms skill increases to level 12!
This wand has 8 charges left.
Throwing (i - inventory. (,) - cycle):
v - 10 javelins (quivered)
Press: ? - help, Shift-Dir - straight line, f - bullfrog
Aim: a bullfrog (sparse dust)
You throw a javelin. The javelin barely misses the bullfrog.
You are too injured to fight recklessly!
Attack whom?
Press: ? - help, Dir - move target cursor, f/p - bullfrog
Aim: a bullfrog You reach to attack!
You hit the bullfrog but do no damage. You slash the bullfrog!
The bullfrog is moderately wounded.
The bullfrog hits you.
* * * LOW HITPOINT WARNING * * *
The bullfrog hits you!
You die...

**********************#########
*,,,,,,,,,,,,,,,,,,,,,.....{...
***,*,******************#########
*,,,*,,,###############
,,*****,........@FZ.<.#
*,,,*,,,#############.# ***,*,***
*.#******* * *,,,*************
*Z#*,,,,,* *
**,***,,,,,,,,,,***.#*,***,* *
*,* *,**,*,***,,,,..,,,,*,* * *,*
*,**,*,* *****.#*,*,*,* * *,*
*,**,*,* *.#*,,,,,* * *,*
*,**,*,* *****.#***,***


You could see a bullfrog and a bullfrog zombie.

Vanquished Creatures
  A two-headed ogre (D:8)
  Joseph (D:7)
  2 trolls (D:9)
  A hippogriff (D:7)
  Edmund (D:6)
  A water moccasin (D:5)
  An ice beast (D:8)
  An orc warrior (D:6)
  Purgy (Sewer)
  A sky beast (D:8)
  2 necrophages
  3 centaurs
  3 ogres
  2 big kobolds
  A bullfrog (D:7)
  A wyvern zombie (D:7)
  3 scorpions
  7 wights
  4 crimson imps
  3 hounds
  A quasit (D:6)
  A jelly (D:5)
  2 centaur skeletons
  2 orc priests (D:5)
  5 orc wizards
  An iguana (D:6)
  3 worker ants
  2 hound skeletons
  A worker ant zombie (D:7)
  10 adders
  3 howler monkey skeletons
  An ooze (D:3)
  2 adder skeletons
  4 worms
  7 leopard geckos
  28 orcs
  4 ball pythons
  9 bats
  9 giant cockroaches
  8 goblins
  11 hobgoblins
  8 jackals
  A quokka (D:5)
  6 frilled lizards
  13 kobolds
  A quokka zombie (D:5)
  8 rats
191 creatures vanquished.

Vanquished Creatures (others)
  A centaur (D:5)
  A scorpion (D:5)
  A dart slug (D:5)
3 creatures vanquished.

Grand Total: 194 creatures vanquished

Notes
Turn   | Place    | Note
-------+----------+-------------------------------------------
     0 | D:1      | Iskender the Barachian Wanderer began the quest for the Orb.
     0 | D:1      | Iskender set off with: a +2 dagger, a scroll of fear, a potion of lignification, a wand of random effects (15/48), a +0 robe, a bread ration
     0 | D:1      | Reached XP level 1. HP: 20/20 MP: 1/1
   416 | D:1      | Reached XP level 2. HP: 21/26 MP: 2/2
   985 | D:2      | Reached XP level 3. HP: 30/32 MP: 3/3
  1228 | D:2      | Reached skill level 1 in Polearms
  1526 | D:2      | Reached skill level 2 in Polearms
  1526 | D:2      | Reached XP level 4. HP: 31/38 MP: 4/4
  2286 | D:3      | Reached skill level 3 in Polearms
  2311 | D:3      | Reached XP level 5. HP: 16/43 MP: 5/5
  2571 | D:3      | Reached skill level 4 in Polearms
  2746 | D:3      | You fall through a shaft for 2 floors!
  2746 | D:5      | Entered Level 5 of the Dungeon
  2775 | D:5      | Killed a centaur
  2797 | D:5      | Found a shimmering altar of Xom.
  2820 | D:5      | Reached XP level 6. HP: 50/50 MP: 6/6
  2849 | D:5      | Reached skill level 5 in Polearms
  2869 | D:5      | Noticed a water moccasin
  3083 | D:5      | Found an ornate altar of the Wu Jian Council.
  3099 | D:5      | Found an iron altar of Okawaru.
  3164 | D:4      | Reached skill level 1 in Long Blades
  3183 | D:4      | Found Durrid Gerr's Antique Armour Shoppe.
  3258 | D:4      | Bought a runed leather armour for 165 gold pieces
  3677 | D:4      | Found a hazy altar of Hepliaklqana.
  3836 | D:4      | Reached XP level 7. HP: 34/55 MP: 7/7
  4054 | D:4      | Reached skill level 6 in Polearms
  4417 | D:5      | Reached skill level 7 in Polearms
  4985 | D:6      | Reached XP level 8. HP: 60/61 MP: 8/8
  5039 | D:6      | Found a glowing drain.
  5138 | Sewer    | Entered a sewer
  5158 | Sewer    | Noticed Purgy
  5163 | Sewer    | Reached skill level 8 in Polearms
  5341 | Sewer    | Killed Purgy
  5557 | D:6      | Noticed Edmund
  5588 | D:6      | Killed Edmund
  5588 | D:6      | Reached skill level 9 in Polearms
  6035 | D:6      | Reached skill level 10 in Polearms
  6281 | D:7      | You fall through a shaft for 2 floors!
  6388 | D:7      | Reached XP level 9. HP: 56/66 MP: 9/9
  6569 | D:7      | Reached skill level 1 in Dodging
  6695 | D:7      | Noticed Menkaure
  6872 | D:7      | Found a shadowy altar of Dithmenos.
  6914 | D:7      | Found a staircase to the Ecumenical Temple.
  6914 | D:7      | Noticed Joseph
  6922 | D:7      | Killed Joseph
  6951 | Temple   | Entered the Ecumenical Temple
  7201 | Temple   | Became a worshipper of Cheibriados the Contemplative
  7363 | D:8      | Noticed a two-headed ogre
  7664 | D:8      | Noticed a two-headed ogre
  7993 | D:8      | Found a stormy altar of Qazlal.
  8067 | D:8      | Reached skill level 1 in Invocations
  8425 | D:8      | Found an opulent altar of Gozag.
  8511 | D:8      | Reached XP level 10. HP: 72/72 MP: 11/11
  8520 | D:8      | Reached skill level 11 in Polearms
  8607 | D:8      | Killed a two-headed ogre
  8975 | D:9      | Noticed Gastronok
  9016 | D:9      | Noticed Erica
  9066 | D:9      | Reached * piety under Cheibriados
  9066 | D:9      | Reached skill level 12 in Polearms
  9069 | D:9      | Slain by a bullfrog

Vault maps used:
D:1:      minmay_arrival_arboretum_small
D:2:      first_bread
D:4:      kennysheep_mini, serial_shops, shop
D:5:      xom_confusion_cloud, grunt_temple_overflow_open
D:6:      portal_sewer_entry_f, minivault_4, hex_tiny, uniq_edmund
D:7:      minmay_temple_entry_enclosed_plants, minmay_misc_feat_rows,
          grunt_dithmenos_smoke_and_mirrors, uniq_menkaure, uniq_joseph
D:8:      basic_altar, grunt_gozag_breadcrumbs
D:9:      lair_entry_dummy, hangedman_ranch, uniq_erica, uniq_pikel,
          uniq_gastronok
Temple:   dpeg_five_rooms_temple
Sewer:    sewer_co_purgy_island

Skill      XL: |  1  2  3  4  5  6  7  8  9 10 |
---------------+-------------------------------+-----
Stealth        | 2 3 |  3.2
Polearms       | 2 3 4 5 7 10 12 | 12.1
Long Blades    | 2 |  2.0
Dodging        | 7 |  7.5
Invocations    | 1 |  1.6
Fighting       | |  4.8
Crossbows      | |  2.0
Armour         | |  1.2
Evocations     | |  1.1

Action                   |  1- 3 |  4- 6 |  7- 9 | 10-12 || total
-------------------------+-------+-------+-------+-------++-------
Melee: Dagger            |    44 |       |       |       ||    44
       Whip              |    20 |       |       |       ||    20
       Spear             |    81 |   175 |       |       ||   256
       Trident           |       |    60 |   453 |     9 ||   522
       Long sword        |       |    17 |       |       ||    17
       Halberd           |       |       |       |    38 ||    38
 Fire: Hunting sling     |       |    34 |    63 |       ||    97
Throw: Stone             |    11 |       |       |       ||    11
       Javelin           |       |     2 |     9 |     3 ||    14
Invok: Bend Time         |       |       |     1 |       ||     1
 Abil: Hop               |     1 |     4 |    12 |     2 ||    19
Evoke: Wand              |       |       |    10 |     1 ||    11
  Use: Scroll            |     5 |     3 |     9 |     2 ||    19
       Potion            |     1 |     3 |     1 |       ||     5
 Stab: Sleeping          |     6 |     5 |     4 |     2 ||    17
       Confused          |       |       |     3 |       ||     3
       Distracted        |       |       |       |     1 ||     1
  Eat: Chunk             |     3 |     5 |     1 |       ||     9
       Fruit             |       |     4 |    11 |       ||    15
       Royal jelly       |       |       |     4 |     1 ||     5
Armor: Robe              |    26 |     3 |       |       ||    29
       Ring mail         |       |    25 |       |       ||    25
       Skin              |       |    29 |       |       ||    29
       Leather armour    |       |    19 |   130 |     9 ||   158
Dodge: Dodged            |    85 |    77 |   223 |    30 ||   415
       Rpst.: Long sword |       |     6 |       |       ||     6
